 Dungeon Crawl Stone Soup version 0.30-a0-509-gd016549fea (webtiles) character file.

Game seed: 1645284666730845424

11134 ragingrage the Severer (level 11, -3/142 HPs)
             Began as a Hill Orc Fighter on Dec 22, 2022.
             Was an Elder of Qazlal.
             Slain by a yak (11 damage)
             ... on level 11 of the Dungeon.
             The game lasted 00:11:15 (10164 turns).

ragingrage the Severer (Hill Orc Fighter)          Turns: 10164, Time: 00:11:16

Health: -3/142     AC: 12    Str: 31    XL:     11   Next: 73%
Magic:  14/15      EV: 12    Int:  8    God:    Qazlal [****..]
Gold:   782        SH: 10    Dex: 10    Spells: 10/10 levels left

rFire   . . .      SeeInvis .    a - +0 war axe
rCold   . . .      Faith    .    c - +0 buckler
rNeg    . . .      Spirit   .    U - +3 troll leather armour {Snorg}
rPois   +          Reflect  .    t - +0 helmet
rElec   .          Harm     .    o - +0 cloak
rCorr   .          Rampage  .    j - +0 pair of gloves
Will    .....                    (no boots)
Stlth   ..........               i - amulet of the acrobat
HPRegen 1.23/turn                q - ring of Linearity {Fly Str+7}
MPRegen 0.14/turn                w - ring of poison resistance

@: berserking (expiring), flying, repel missiles, very quick
A: talons 1, sense surroundings 1
a: Renounce Religion, Upheaval, Elemental Force


You were on level 11 of the Dungeon.
You worshipped Qazlal.
Qazlal was greatly pleased with you.
You visited 2 branches of the dungeon, and saw 12 of its levels.

You collected 782 gold pieces.

Inventory:

Hand Weapons
 a - a +0 war axe (weapon)
 b - the +9 whip of Yreat {venom, *Rage +Blink rPois Will+}
   (You found it on level 2 of the Dungeon)

   It poisons the flesh of those it strikes.
   rPois:     It protects you from poison.
   +Blink:    It lets you blink.
   *Rage:     It berserks you when you make melee attacks (+20% chance).
   Will:      It increases your willpower.
 M - a +1 shortbow of flaming
Missiles
 k - 20 poisoned darts (quivered)
 G - a throwing net
 N - 6 javelins
 S - 2 boomerangs
Armour
 c - a +0 buckler (worn)
 j - a +0 pair of gloves (worn)
 o - a +0 cloak (worn)
 t - a +0 helmet (worn)
 U - a +3 troll leather armour (worn) {Snorg}
Jewellery
 i - an amulet of the acrobat (around neck)
 q - the ring of Linearity (left hand) {Fly Str+7}
   (You found it on level 3 of the Dungeon)

   [ring of flight]

   Str:       It affects your strength (+7).
   Fly:       It grants you flight.
 w - a ring of poison resistance (right hand)
 K - a ring of protection from cold
 P - an amulet of regeneration
Wands
 F - a wand of quicksilver (2)
 I - a wand of flame (21)
 Q - a wand of polymorph (3)
Scrolls
 e - 3 scrolls of poison {unknown}
 g - a scroll of brand weapon {unknown}
 l - 15 scrolls of identify {unknown}
 n - 3 scrolls of noise {unknown}
 p - a scroll of silence {unknown}
 r - a scroll of fog {unknown}
 s - 7 scrolls of teleportation {unknown}
 v - a scroll of enchant weapon {unknown}
 x - a scroll of immolation {unknown}
 y - a scroll of vulnerability {unknown}
 A - 4 scrolls of magic mapping {unknown}
 B - 2 scrolls of amnesia {unknown}
 C - a scroll of acquirement {unknown}
 L - a scroll of fear {unknown}
 R - a scroll of blinking {unknown}
Potions
 d - 2 potions of might
 f - 5 potions of mutation
 h - 3 potions of degeneration {unknown}
 m - a potion of haste
 z - 6 potions of heal wounds {unknown}
 D - a potion of brilliance {unknown}
 E - 3 potions of flight {unknown}
 H - 4 potions of invisibility
 J - 3 potions of attraction {unknown}
 O - 2 potions of cancellation {unknown}
 T - a potion of curing {unknown}


   Skills:
 + Level 8.5 Fighting
 - Level 16.3 Axes
 + Level 6.7 Armour
 + Level 4.3 Dodging
 + Level 6.8 Shields
 + Level 5.3 Invocations
 - Level 5.0 Evocations


You had 10 spell levels left.
You didn't know any spells.
Your spell library contained the following spells:

 Spells                   Type           Power      Damage    Failure   Level
 Apportation              Tloc           0%         N/A       52%         1
 Foxfire                  Conj/Fire      0%         2x1d4     52%         1
 Kiss of Death            Conj/Necr      0%         2d5       52%         1
 Magic Dart               Conj           0%         1d3       52%         1
 Necrotise                Necr           0%         1d4       52%         1
 Sting                    Tmut/Pois      0%         1d3       52%         1
 Call Imp                 Summ           0%         N/A       67%         2
 Ensorcelled Hibernation  Hex/Ice        0%         N/A       67%         2
 Poisonous Vapours        Pois/Air       0%         N/A       67%         2
 Confusing Touch          Hex            0%         N/A       88%         3
 Mephitic Cloud           Conj/Pois/Air  0%         N/A       88%         3
 Spider Form              Tmut/Pois      0%         N/A       88%         3
 Vampiric Draining        Necr           0%         2d6       88%         3
 Anguish                  Hex/Necr       0%         N/A       99%         4
 Dispel Undead            Necr           0%         3d6       99%         4
 Olgreb's Toxic Radiance  Pois           0%         N/A       99%         4
 Agony                    Necr           0%         N/A       100%        5
 Alistair's Intoxication  Tmut/Pois      0%         N/A       100%        5
 Fireball                 Conj/Fire      0%         3d3       100%        5
 Starburst                Conj/Fire      0%         6d3       100%        6


Dungeon Overview and Level Annotations

Branches:
Dungeon (11/15)            Temple (1/1) D:4             Orc (0/2) D:11
   Lair: D:8-11

Altars:
Ashenzari
Cheibriados
Dithmenos
Elyvilon
Fedhas
Hepliaklqana
Kikubaaqudgha
Makhleb
Okawaru
Qazlal
Ru
Sif Muna
Trog
Uskayaw
Vehumet
Wu Jian
Xom
Yredelemnul
Zin
The Shining One

Shops:
D:2 =

Annotations:
D:5 Prince Ribbit
D:6 3 runed translucent doors, petzl's ghost, weakling FoDe


Innate Abilities, Weirdness & Mutations

You have sharp toenails.
You passively map a small area around you.


Message History

You thrash something!! Your kick misses something.
You are too berserk!
You hit something. You claw something. The yak gores you.
* * * LOW HITPOINT WARNING * * *
You block the yak's attack. Something hits you!
* * * LOW HITPOINT WARNING * * *
x2 The yak gores you but does no damage.
You closely miss something.
The +9 whip of Yreat {venom, *Rage +Blink rPois Will+} stops dripping with poison.
a - a +0 war axe (weapon)
You slice the yak!! You claw the yak!
The yak is almost dead.
You hit the yak. You miss something. You barely miss the yak.
Qazlal accepts your kill.
Reactivating autopickup.
You feel a bit more experienced. The yak gores you.
* * * LOW HITPOINT WARNING * * *
The yak gores you but does no damage. The yak gores you.
* * * LOW HITPOINT WARNING * * *
Your Invocations skill increases to level 5!
You slice the yak!!
You kill the yak!
Qazlal accepts your kill.
You slash the yak! You hit the yak.
You kill the yak!
Qazlal accepts your kill.
You hit the yak. You slash the yak!
The yak is severely wounded.
You hit the yak. The yak gores you.
* * * LOW HITPOINT WARNING * * *
The yak gores you but does no damage.
You slash the yak!
You kill the yak!
Qazlal accepts your kill.
You hit the yak. You barely miss the yak. You slash the yak!
Your kick misses the yak.
The yak is almost dead.
You slash the yak! You block the yak's attack. The yak gores you!
You die...

* , * .## ,
..#** .. * ,
,#., , .. ,
..#..., .#*** ,
....... * .# ,
........ ##Y# ,
.......## ##@##
........###†Y†#
.............§#
..........!..#
**
###.........# ,
, #.........#
,* ....#
##..........#
....#
##..........#*
....#
#........>..,


You could see 2 yaks.

Vanquished Creatures
  Snorg (D:11)
  A two-headed ogre (D:10)
  Urug (D:11)
  2 unseen horrors (D:10)
  2 trolls
  Sigmund (D:4)
  2 wyverns (D:9)
  2 wraiths
  5 shadows
  17 yaks
  2 steam dragons
  Menkaure (D:5)
  3 acid dragons
  3 ice beasts
  A black bear (D:5)
  An orc warrior (D:8)
  2 ogres (D:6)
  4 centaurs
  A kobold brigand (D:7)
  5 phantoms
  3 bullfrogs
  3 scorpions
  4 wights
  9 killer bees
  7 howler monkeys
  2 electric eels (D:6)
  2 jellies (D:6)
  2 hounds
  2 orc priests (D:9)
  A gnoll bouda (D:9)
  Terence (D:3)
  4 iguanas
  11 orc wizards
  6 ogre zombies (D:11)
  Robin (D:2)
  7 adders
  13 gnolls
  2 shadow imps
  A white imp (D:8)
  3 ufetubi
  4 worms
  2 dart slugs (D:2)
  34 orcs
  3 endoplasms
  A giant cockroach (D:2)
  6 hobgoblins
  6 kobolds
  3 quokkas
  9 ball pythons
  4 bats (D:1)
  6 frilled lizards
  14 goblins
  3 goblin skeletons (D:11)
  2 goblin zombies (D:11)
  5 hobgoblin zombies (D:11)
  2 orc skeletons (D:11)
  7 orc zombies (D:11)
  2 rats (D:1)
254 creatures vanquished.

Vanquished Creatures (others)
  5 plants
5 creatures vanquished.

Grand Total: 259 creatures vanquished

Notes
Turn   | Place    | Note
-------+----------+-------------------------------------------
     0 | D:1      | ragingrage the Hill Orc Fighter began the quest for the
                  | Orb.
     0 | D:1      | Reached XP level 1. HP: 19/19 MP: 1/1
    22 | D:1      | Reached skill level 3 in Axes
   177 | D:1      | Reached XP level 2. HP: 26/26 MP: 2/2
   288 | D:1      | Reached skill level 4 in Axes
   950 | D:2      | Reached XP level 3. HP: 31/31 MP: 3/3
   986 | D:2      | Reached skill level 5 in Axes
  1042 | D:2      | Found a faded altar of an unknown god.
  1048 | D:2      | Noticed Robin
  1111 | D:3      | Gained mutation: You have sharp toenails. [potion of
                  | mutation]
  1111 | D:3      | Gained mutation: You passively map a small area around you.
                  | [potion of mutation]
  1378 | D:3      | Reached XP level 4. HP: 32/39 MP: 4/4
  1384 | D:3      | Reached skill level 6 in Axes
  1428 | D:3      | Identified the ring of Linearity {Fly Str+7}
  1525 | D:3      | Reached XP level 5. HP: 45/45 MP: 5/5
  1581 | D:2      | Found Giefatt's Jewellery Shoppe.
  1588 | D:2      | Found a shimmering blue altar of Sif Muna.
  1826 | D:2      | Killed Robin
  1827 | D:2      | Reached skill level 7 in Axes
  1845 | D:2      | Identified the +9 whip of Yreat {venom, *Rage +Blink rPois
                  | Will+}
  2330 | D:3      | Identified the +3 ring mail "Tobadil" {rPois Str-4 Slay-4
                  | SInv}
  2773 | D:3      | Noticed Terence
  2780 | D:3      | Killed Terence
  2836 | D:3      | Found an ornate altar of the Wu Jian Council.
  2886 | D:4      | Noticed Sigmund
  2891 | D:4      | Killed Sigmund
  2892 | D:4      | Reached skill level 1 in Dodging
  2892 | D:4      | Reached skill level 1 in Evocations
  2892 | D:4      | Reached XP level 6. HP: 53/53 MP: 6/6
  2974 | D:4      | Found a staircase to the Ecumenical Temple.
  2986 | Temple   | Entered the Ecumenical Temple
  3185 | Temple   | Became a worshipper of Qazlal Stormbringer
  3762 | D:5      | Entered Level 5 of the Dungeon
  3773 | D:4      | Reached XP level 7. HP: 60/60 MP: 7/7
  3776 | D:4      | Reached skill level 5 in Fighting
  3981 | D:5      | Reached skill level 8 in Axes
  3981 | D:5      | Reached XP level 8. HP: 70/70 MP: 8/8
  4132 | D:5      | Reached * piety under Qazlal
  4234 | D:5      | Noticed Menkaure
  4241 | D:5      | Killed Menkaure
  4257 | D:5      | Noticed Prince Ribbit
  4517 | D:6      | Found a shimmering blue altar of Sif Muna.
  4523 | D:6      | Found an iron altar of Okawaru.
  4542 | D:6      | Reached skill level 9 in Axes
  4628 | D:6      | Found a runed translucent gate.
  4629 | D:6      | Found a runed translucent gate.
  4630 | D:6      | Found a runed translucent gate.
  4731 | D:6      | Reached skill level 10 in Axes
  4742 | D:6      | Reached XP level 9. HP: 54/78 MP: 9/9
  4761 | D:6      | Reached skill level 11 in Axes
  4792 | D:6      | Found a transporter.
  4809 | D:6      | Found a transporter.
  5046 | D:6      | Reached skill level 12 in Axes
  5459 | D:6      | Noticed petzl's ghost (weakling FoDe)
  5541 | D:6      | Reached ** piety under Qazlal
  5811 | D:7      | Reached skill level 13 in Axes
  6066 | D:7      | Found a bloodstained altar of Trog.
  6289 | D:8      | Reached skill level 14 in Axes
  6773 | D:7      | Reached XP level 10. HP: 61/84 MP: 10/10
  7501 | D:9      | Reached skill level 15 in Axes
  7590 | D:9      | Reached skill level 16 in Axes
  7955 | D:9      | Reached skill level 5 in Shields
  7965 | D:9      | Reached skill level 1 in Invocations
  8094 | D:9      | Reached skill level 5 in Armour
  8273 | D:9      | Reached *** piety under Qazlal
  8685 | D:10     | Entered Level 10 of the Dungeon
  8719 | D:10     | Killed an unseen horror
  8736 | D:10     | Killed an unseen horror
  8863 | D:10     | Noticed a two-headed ogre
  8870 | D:10     | Killed a two-headed ogre
  8871 | D:10     | Reached XP level 11. HP: 92/92 MP: 13/13
  9680 | D:11     | Found a staircase to the Orcish Mines.
  9761 | D:11     | Noticed Snorg
  9773 | D:11     | Killed Snorg
  9773 | D:11     | Reached **** piety under Qazlal
 10133 | D:11     | Noticed Urug
 10149 | D:11     | Reached skill level 5 in Evocations
 10160 | D:11     | Killed Urug
 10161 | D:11     | Reached skill level 5 in Invocations
 10162 | D:11     | HP: 7/142 [yak (2)]
 10164 | D:11     | Slain by a yak

Illustrated notes

Levels and vault maps discovered:
D:1:      amcnicky_arrival_feature_with_door, layout_basic
D:2:      layout_loops_ring, serial_shops, shop,
          hellmonk_ecumenical_altar_run_dry, basic_altar, minmay_tromino_i4,
          uniq_robin
D:3:      cheibrodos_old_hovel, layout_basic, pdpol_wu_jian_five_deadly_venoms,
          patterned_corridor, uniq_terence
D:4:      layout_basic, minmay_temple_entry_overgrown, nrook_mini_backslash,
          uniq_sigmund
D:5:      layout_cave_pools, gammafunk_ghost_nasty_kobolds, uniq_prince_ribbit1,
          uniq_menkaure
D:6:      gammafunk_steamed_eel, layout_basic,
          mainiacjoe_overflow_large_starburst, cheibrodos_sewer_entry_bend,
          gammafunk_ghost_icy, minmay_diced_spiral
D:7:      layout_basic, lightli_temple_of_fire, minmay_misc_feat_alley,
          minmay_starry_boxes
D:8:      layout_gridville
D:9:      layout_stronghold
D:10:     layout_cave_pools
D:11:     layout_layer_cave, lair_entry_dummy, zombieorc1_lemuel, uniq_urug,
          uniq_snorg
Temple:   dpeg_five_rooms_temple

Skill      XL: |  1  2  3  4  5  6  7  8  9 10 11 |
---------------+----------------------------------+-----
Axes           | 3 4 5 6 7 8 10 14 16 | 16.3
Fighting       | 4 5 6 7 8 |  8.5
Dodging        | 1 2 3 4 |  4.3
Evocations     | 1 2 4 5 |  5.0
Shields        | 4 5 6 |  6.8
Armour         | 4 5 6 |  6.7
Invocations    | 3 5 |  5.3

Action                   |  1- 3 |  4- 6 |  7- 9 | 10-12 || total
-------------------------+-------+-------+-------+-------++-------
Melee: War axe           |    94 |    52 |   133 |   180 ||   459
       Unarmed           |     5 |       |       |       ||     5
       Kick              |     1 |    26 |    56 |    67 ||   150
       Whip              |       |    54 |    85 |    66 ||   205
Throw: Dart              |       |     4 |       |     1 ||     5
Evoke: Wand              |       |       |     2 |       ||     2
  Use: Potion            |     2 |       |       |       ||     2
 Stab: Distracted        |     1 |       |       |       ||     1
Armor: Scale mail        |    43 |    42 |    80 |    55 ||   220
       Skin              |     7 |       |       |       ||     7
       Troll leather arm |       |       |       |     8 ||     8
Dodge: Dodged            |    55 |    58 |   130 |    80 ||   323
Block: Buckler           |    26 |    21 |    71 |    76 ||   194

Table legend: (Time is in decaauts)
 A = Elapsed time spent in this place.
 B = Non-inter-level travel time spent in this place.
 C = Inter-level travel time spent in this place.
 D = Time resting spent in this place.
 E = Time spent auto-exploring this place.
 F = Levels seen in this place.
 G = Mean time per level.
                   A        B        C        D        E       F      G
               +--------+--------+--------+--------+--------+-----+--------+
         Total |  10297 |   9693 |    604 |   1545 |   6165 |  12 |  858.1 |
       Dungeon |  10046 |   9518 |    528 |   1545 |   6001 |  11 |  913.3 |
        Temple |    250 |    174 |     76 |      0 |    164 |   1 |  250.0 |
               +--------+--------+--------+--------+--------+-----+--------+

Top non-repeatable levels by time:
     D:6: 1366 daAuts
     D:3: 1323 daAuts
     D:9: 1285 daAuts
     D:1: 951 daAuts
     D:8: 912 daAuts
     D:4: 832 daAuts
     D:7: 830 daAuts
    D:10: 788 daAuts
    D:11: 693 daAuts
     D:2: 672 daAuts
     D:5: 389 daAuts
  Temple: 250 daAuts
